 Dungeon Crawl Stone Soup version 0.29-a0-1009-g60c99734e7 (webtiles) character file.

Game seed: 7919014318099797244

63 Manisian the Sneak (level 3, -1/16 HPs)
             Began as a Spriggan Enchanter on Aug 8, 2022.
             Splashed by a jelly's acid (3 damage)
             ... on level 3 of the Dungeon.
             The game lasted 00:04:01 (2469 turns).

Manisian the Sneak (Spriggan Enchanter)             Turns: 2469, Time: 00:04:02

Health: -1/16      AC:  0    Str:  4    XL:     3   Next: 87%
Magic:  0/8        EV: 18    Int: 16    God:
Gold:   132        SH:  0    Dex: 17    Spells: 0/7 levels left

rFire   . . .      SeeInvis +   a - +1 dagger (flame)
rCold   . . .      Faith    .   (no shield)
rNeg    . . .      Spirit   .   b - +2 robe
rPois   .          Reflect  .   (helmet restricted)
rElec   .          Harm     .   (no cloak)
rCorr   .          Rampage  .   (gloves unavailable)
Will    .....                   (boots unavailable)
Stlth   +++.......              (no amulet)
HPRegen 0.05/turn               (no ring)
MPRegen 0.11/turn               (no ring)

@: corroded, very quick
A: very small, no large weapons, unfitting armour, see invisible, speed 3
a: no special abilities


You were on level 3 of the Dungeon.
You visited 1 branch of the dungeon, and saw 3 of its levels.

You collected 132 gold pieces.

Inventory:

Hand Weapons
 a - a +1 dagger of flaming (weapon)
Armour
 b - a +2 robe (worn)
Jewellery
 f - a ring of protection from cold
Scrolls
 e - a scroll of identify
 h - a scroll of teleportation
Potions
 c - 2 potions of invisibility
 d - a potion of lignification
 g - 2 potions of haste
 j - a potion of resistance {unknown}
 k - a potion of flight {unknown}


   Skills:
 + Level 1.5 Short Blades
 + Level 3.0 Dodging
 * Level 5.8 Stealth
 + Level 2.9 Spellcasting
 + Level 4.2 Hexes
 + Level 0.6 Ice Magic


You couldn't memorise any spells.
You knew the following spells:

 Your Spells              Type           Power      Damage    Failure   Level
a - Ensorcelled Hibernat  Hex/Ice        20%        N/A       11%         2
b - Confusing Touch       Hex            16%        N/A       10%         3
c - Sublimation of Blood  Necr           2%         N/A       28%         2

Your spell library contained the following spells:

 Spells                   Type           Power      Damage    Failure   Level
 Tukima's Dance           Hex            16%        N/A       10%         3
 Dazzling Flash           Conj/Hex       18%        N/A       24%         3
 Petrify                  Tmut/Erth      2%         N/A       88%         4
 Irradiate                Conj/Tmut      1%         3d12      99%         5


Dungeon Overview and Level Annotations

Branches:
Dungeon (3/15)

Altars:
Ashenzari


Innate Abilities, Weirdness & Mutations

You are very small and have problems with some larger weapons.
You are too small for most types of armour.
You have supernaturally acute eyesight. (SInv)
You cover ground extremely quickly. (Speed+++)


Message History

Confirm with . or Enter, or press ? or * to list all spells.
Aiming: Ensorcelled Hibernation (safe; 11% risk of failure)
Press: ? - help, Shift-Dir - straight line, f/p - goblin
Aim: a goblin, wielding a +0 club (chance to affect: 62%)
The goblin resists with significant effort.
You hit the goblin. You burn the goblin.
You kill the goblin!
Casting: Ensorcelled Hibernation (safe; 11% risk of failure)
Confirm with . or Enter, or press ? or * to list all spells.
You don't have enough magic to cast this spell.
Unknown command.
You hit the jelly. You burn the jelly.
Your hands burn!
The jelly is lightly wounded.
The jelly hits you but does no damage.
You hit the jelly. You burn the jelly. The acid corrodes you!
Your hands burn!
The jelly is heavily wounded.
The jelly barely misses you.
You hit the jelly but do no damage.
Your hands burn!
The jelly is heavily wounded.
The jelly jiggles.
The jelly closely misses you.
Your magical contamination has completely faded away.
You hit the jelly but do no damage.
Your hands burn!
* * * LOW HITPOINT WARNING * * *
The jelly is heavily wounded.
The jelly barely misses you.
You hear the slow rusting of a very distant drain.
Casting: Ensorcelled Hibernation (safe; 11% risk of failure)
Confirm with . or Enter, or press ? or * to list all spells.
Aiming: Ensorcelled Hibernation (safe; 11% risk of failure)
Press: ? - help, Shift-Dir - straight line, f - jelly
Aim: a jelly (heavily wounded, chance to affect: 52%)
The jelly resists with significant effort.
You are no longer corroded.
You hit the jelly. You burn the jelly.
Your hands burn!
* * * LOW HITPOINT WARNING * * *
The jelly is almost dead.
The jelly closely misses you.
You hit the jelly. You burn the jelly. The acid corrodes you!
Your hands burn!
You die...

#.......####### ##
#.##.##.##### .. .
#....# .#...# ##.. ..
#..####.#.#... ... ...
#.........#...##.# ..##
##.###....#....#.##..(..
#.###.#######.)......#
#........#....#.######
######@#.#.#(##.#
#J#.#......#
#...J...#### #########


You could see a jelly.

Vanquished Creatures
  3 adders
  A worm (D:2)
  A dart slug (D:2)
  A bat (D:1)
  2 endoplasms (D:1)
  8 goblins
  A hobgoblin (D:2)
  A quokka (D:3)
  5 ball pythons
  3 frilled lizards (D:1)
  A kobold (D:2)
  5 rats
32 creatures vanquished.

Notes
Turn   | Place    | Note
-------+----------+-------------------------------------------
     0 | D:1      | Manisian the Spriggan Enchanter began the quest for the
                  | Orb.
     0 | D:1      | Reached XP level 1. HP: 9/9 MP: 5/5
   509 | D:1      | Reached XP level 2. HP: 6/13 MP: 6/6
  1073 | D:1      | Reached skill level 5 in Stealth
  1076 | D:1      | Learned a level 2 spell: Ensorcelled Hibernation
  1560 | D:2      | Reached XP level 3. HP: 16/16 MP: 0/8
  1574 | D:2      | Learned a level 3 spell: Confusing Touch
  1882 | D:2      | Found a broken altar of Ashenzari.
  2121 | D:2      | Found a faded altar of an unknown god.
  2169 | D:2      | Learned a level 2 spell: Sublimation of Blood
  2469 | D:3      | Splashed by a jelly's acid

Illustrated notes

Levels and vault maps discovered:
D:1:      sevenhm_arrival_forest_fort_small_4, layout_basic
D:2:      minmay_wonky_spiral, layout_basic, basic_altar,
          chequers_ecumenical_altar_twisty
D:3:      layout_loops_cross, cheibrodos_sewer_entry_sluice

Skill      XL: |  1  2  3 |
---------------+----------+-----
Hexes          | 4 |  4.2
Stealth        | 5 |  5.8
Dodging        | 3 |  3.0
Short Blades   | |  1.5
Spellcasting   | |  2.9
Ice Magic      | |  0.6

Action                   || total
-------------------------++-------
Melee: Dagger            ||    75
 Cast: Ensorcelled Hiber ||    15
  Use: Scroll            ||    11
 Stab: Sleeping          ||    19
Armor: Robe              ||     7
Dodge: Dodged            ||    44

Table legend: (Time is in decaauts)
 A = Elapsed time spent in this place.
 B = Non-inter-level travel time spent in this place.
 C = Inter-level travel time spent in this place.
 D = Time resting spent in this place.
 E = Time spent auto-exploring this place.
 F = Levels seen in this place.
 G = Mean time per level.
                   A        B        C        D        E       F      G
               +--------+--------+--------+--------+--------+-----+--------+
         Total |   1777 |   1748 |     29 |     81 |   1364 |   3 |  592.3 |
       Dungeon |   1777 |   1748 |     29 |     81 |   1364 |   3 |  592.3 |
               +--------+--------+--------+--------+--------+-----+--------+

Top non-repeatable levels by time:
     D:1: 1059 daAuts
     D:2: 608 daAuts
     D:3: 110 daAuts
